 Dungeon Crawl Stone Soup version 0.16.0-17-g811c1d7 (webtiles) character file.

49186 MDvedh the Severer (level 14, 0/113 HPs)
             Began as a Minotaur Fighter on Mar 21, 2015.
             Was the Champion of Makhleb.
             Slain by a deep troll earth mage (8 damage)
             ... on level 1 of the Depths.
             The game lasted 00:35:25 (13831 turns).

MDvedh the Severer (Minotaur Fighter)              Turns: 13831, Time: 00:35:25

Health: 0/113      AC: 24    Str: 21    XL:     14   Next: 15%
Magic:  5/5        EV: 16    Int:  3    God:    Makhleb [******]
Gold:   803        SH: 14    Dex: 12    Spells: 0 memorised, 13 levels left

rFire  + . .     SeeInvis .     w - +2 war axe (flame)
rCold  . . .     Clarity  .     K - +1 swamp dragon armour
rNeg   . . .     SustAb   .     c - +0 shield
rPois  +         Gourm    .     (helmet restricted)
rElec  .         Spirit   .     m - +0 cloak (curse)
rCorr  .         Warding  .     i - +2 pair of gloves
rMut   .         Stasis   .     v - +1 pair of boots
MR     ++...                    S - amulet of rage
Stlth  +.........               g - ring of protection from fire
                                r - ring of protection from magic

@: very resistant to hostile enchantments, very unstealthy
A: retaliatory headbutt, claws 1, horns 2, iridescent scales 1, molten scales 1,
rough black scales 1, breathe flames 2, deformed body, dopey 1, frail 1, sense
surroundings 1, weak 1
a: Minor Destruction, Lesser Servant of Makhleb, Major Destruction, Greater
Servant of Makhleb, Renounce Religion, Breathe Fire, Evoke Berserk Rage


You were on level 1 of the Depths.
You worshipped Makhleb.
Makhleb was exalted by your worship.
You were not hungry.

You visited 3 branches of the dungeon, and saw 17 of its levels.
You also visited: Labyrinth and Ossuary.

You collected 1011 gold pieces.
You spent 208 gold pieces at shops.

Inventory:

Hand weapons
 w - a +2 war axe of flaming (weapon)
Armour
 c - a +0 shield (worn)
 i - a +2 pair of gloves (worn)
 m - a cursed +0 cloak (worn)
 v - a +1 pair of boots (worn)
 C - a +0 plate armour
 K - a +1 swamp dragon armour (worn)
Jewellery
 g - a ring of protection from fire (right hand)
 r - a ring of protection from magic (left hand)
 J - an uncursed ring of protection from magic
 N - an uncursed ring of protection from magic
 Q - an uncursed ring of positive energy
 S - an amulet of rage (around neck)
Magical devices
 p - a wand of magic darts (14)
 H - a wand of teleportation (4)
 M - a wand of digging (9)
 O - a wand of disintegration (3)
Scrolls
 a - 6 scrolls of identify
 h - 12 scrolls of teleportation
 k - a scroll of silence
 x - 2 scrolls of enchant armour
 y - 2 scrolls of enchant weapon
 z - a scroll of amnesia
 G - 3 scrolls of remove curse
 L - 2 scrolls of fear
 P - a scroll of fog
Potions
 b - a potion of resistance
 e - a potion of might
 f - 3 potions of cancellation
 j - 2 potions of brilliance
 l - 4 potions of haste
 n - 2 potions of flight
 q - 2 potions of restore abilities
 t - 2 potions of magic
 u - 3 potions of agility
 D - 7 potions of curing
 F - 3 potions of invisibility
 I - 2 potions of berserk rage
Comestibles
 d - 11 bread rations
 o - 10 meat rations
 A - 8 royal jellies
 B - 10 fruits
 E - a beef jerky
 R - 7 chunks of flesh


   Skills:
 + Level 12.0 Fighting
 - Level 16.1 Axes
 + Level 11.4 Armour
 + Level 10.4 Dodging
 - Level 15.0 Shields


You had 13 spell levels left.
You didn't know any spells.

Dungeon Overview and Level Annotations

Branches:
Dungeon (15/15)            Temple (1/1) D:4            Lair (0/8) D:10
    Orc (0/4) D:11         Vaults (0/5) D:14         Depths (1/5) D:15

Altars:
Ashenzari
Cheibriados
Dithmenos
Elyvilon
Fedhas
Gozag
Kikubaaqudgha
Makhleb
Nemelex Xobeh
Okawaru
Qazlal
Ru
Sif Muna
Trog
Vehumet
Xom
Yredelemnul
Zin
The Shining One
Beogh

Shops:
D:8 !


Innate Abilities, Weirdness & Mutations

You reflexively headbutt those who attack you in melee.
You have a pair of horns on your head.
You have sharp fingernails.
You are partially covered in iridescent scales (AC +4).
You are partially covered in molten scales (AC +1).
You are partially covered in rough black scales (AC +4, Dex -1).
You can breathe fire.
Armour fits poorly on your strangely shaped body.
You are dopey. (Int -2)
You are frail (-10% HP).
You passively map a small area around you.
You are weak. (Str -2)


Message History

You closely miss the deep troll earth mage.
The deep troll earth mage is heavily wounded.
The centaur wields a shortbow.
The centaur shoots an arrow.
You block the arrow. The deep troll closely misses you.
The deep troll claws you.
* * * LOW HITPOINT WARNING * * *
You block the deep troll's attack.
The deep troll earth mage bites you but does no damage.
The deep troll earth mage claws you but does no damage.
The deep troll earth mage claws you!
* * * LOW HITPOINT WARNING * * *
You block the deep troll earth mage's attack.
The deep troll earth mage claws you but does no damage.
You block the deep troll earth mage's attack.
The deep troll earth mage barely misses you.
You furiously retaliate!
You headbutt the deep troll earth mage, but do no damage.
The deep troll earth mage claws you but does no damage.
The deep troll earth mage claws you!
You die...

... .........##..§ ,
..................... ,
*, ...................#.§
, .........(.......†..###
*
,..............##......(#
...............#.†)†....
,
......................≈§
,
.....c.TTT.............≈.
,...#.cT@....>...........
.c.....†?..#####.........
..c...c...#####.........
..............##....#...
, ,
....................###.
................)...###
,..........#.....)###
.........#.#.....# ,
8...8.....#.#..##


You could see a centaur warrior, a deep troll, 3 deep troll earth magi and 4
centaurs.

Vanquished Creatures
  A stone giant (D:15)
  A vampire knight (Depths:1)
  A dire elephant (Depths:1)
  A vault guard (D:14)
  2 minotaurs
  A fire dragon (D:14)
  The ghost of vatarom the Grappler, a powerful TrMo of Ashenzari (D:12)
  2 hydras
  2 centaur warriors
  A tengu warrior (Depths:1)
  5 death yaks
  2 vampire magi
  2 skeletal warriors (D:15)
  3 iron trolls
  3 unseen horrors
  A deep troll (Depths:1)
  A death drake (shapeshifter) (D:14)
  A flayed ghost (Depths:1)
  Pikel (D:6)
  A golden dragon skeleton (Depths:1)
  9 hill giants
  A wolf spider zombie (D:14)
  A manticore (D:12)
  A draconian (shapeshifter) (D:14)
  A frost giant zombie (D:15)
  11 ugly things
  2 cyclopes
  2 necromancers
  Maurice (D:13)
  A frost giant skeleton (D:15)
  A stone giant skeleton (Depths:1)
  3 gargoyles
  A kobold demonologist (D:15)
  A komodo dragon (shapeshifter) (D:14)
  2 komodo dragons
  A freezing wraith (D:15)
  A tengu conjurer (Depths:1)
  A harpy zombie (D:15)
  A fire drake (D:10)
  3 trolls (D:10)
  6 slime creatures (D:14)
  3 ravens (Depths:1)
  3 two-headed ogres
  A fire giant simulacrum (Depths:1)
  2 shadows
  An ice dragon zombie (D:15)
  A deep troll zombie (D:15)
  A centaur simulacrum (D:10)
  A deep elf mage (D:10)
  A fire dragon skeleton (Depths:1)
  A hungry ghost (D:8)
  A wraith (D:13)
  3 vampire mosquitoes (D:12)
  3 soldier ants
  2 hippogriffs
  8 yaks (D:14)
  A mottled dragon (D:13)
  A water moccasin (D:8)
  3 sky beasts
  A slave (D:6)
  4 orc warriors
  3 ice beasts
  A spider (D:10)
  A black bear (D:9)
  A necrophage (D:5)
  5 phantoms
  3 centaurs
  6 ogres
  A crocodile (D:14)
  11 giant frogs
  3 big kobolds
  An elf zombie (Ossuary)
  A wyvern zombie (D:15)
  A gnoll sergeant (D:8)
  3 scorpions
  A water moccasin skeleton (D:10)
  4 crimson imps
  3 quasits
  3 giant frog zombies
  A goliath beetle (D:7)
  A jelly (D:9)
  3 giant frog skeletons
  5 centaur zombies
  4 centaur skeletons
  8 orc priests
  8 orc wizards
  7 iguanas
  8 worker ants
  6 hounds
  A big kobold zombie (Ossuary)
  Jessica (D:2)
  2 hound zombies (Ossuary)
  6 mummies
  7 gnolls
  7 adders
  9 shadow imps
  A giant mite (D:11)
  3 worms
  7 adder zombies
  An adder skeleton (D:4)
  2 oozes
  3 giant geckos
  37 orcs
  3 ball pythons
  15 bats
  A bat skeleton (D:4)
  4 giant cockroaches
  A gnoll zombie (Ossuary)
  11 goblins
  16 hobgoblins
  2 jackals (D:2)
  4 quokkas
  A giant gecko skeleton (D:6)
  5 giant newts
  2 giant spores
  2 goblin zombies (Ossuary)
  5 hobgoblin zombies
  5 jackal zombies (Ossuary)
  23 kobolds
  5 kobold zombies (Ossuary)
  2 orc zombies (Ossuary)
  2 quokka zombies (Ossuary)
  14 rats
  A rat zombie (Ossuary)
  9 ballistomycetes
  2 plants (D:15)
451 creatures vanquished.

Vanquished Creatures (others)
  A worker ant (D:12)
  A giant spore (D:14)
2 creatures vanquished.

Grand Total: 453 creatures vanquished

Notes
Turn   | Place    | Note
--------------------------------------------------------------
     0 | D:1      | MDvedh, the Minotaur Fighter, began the quest for the Orb.
     0 | D:1      | Reached XP level 1. HP: 19/19 MP: 1/1
    88 | D:1      | Reached XP level 2. HP: 23/26 MP: 1/1
   341 | D:1      | Reached skill level 4 in Axes
   752 | D:2      | Reached XP level 3. HP: 31/31 MP: 2/2
   798 | D:2      | Found a sacrificial altar of Ru.
   961 | D:2      | Noticed Jessica
   964 | D:2      | Killed Jessica
   964 | D:2      | Reached skill level 5 in Axes
  1329 | D:3      | Found a radiant altar of Vehumet.
  1433 | D:3      | Reached XP level 4. HP: 37/39 MP: 2/2
  2197 | D:4      | Reached skill level 6 in Axes
  2202 | D:4      | Reached XP level 5. HP: 34/45 MP: 2/2
  2214 | D:4      | Noticed a giant frog
  2217 | D:4      | Killed a giant frog
  2217 | D:4      | Reached skill level 7 in Axes
  2335 | D:4      | Reached XP level 6. HP: 46/51 MP: 3/3
  2376 | D:4      | Found a staircase to the Ecumenical Temple.
  2510 | Temple   | Entered the Ecumenical Temple
  2563 | Temple   | Became a worshipper of Makhleb the Destroyer
  2707 | D:4      | Reached skill level 8 in Axes
  2865 | D:5      | Entered Level 5 of the Dungeon
  2925 | D:5      | Reached skill level 9 in Axes
  2935 | D:5      | Identified the Compendium of the Oath and Displacement
  2947 | D:5      | Acquired Makhleb's first power
  3016 | D:5      | Reached XP level 7. HP: 54/57 MP: 3/3
  3256 | D:5      | Reached skill level 10 in Axes
  3407 | D:6      | Acquired Makhleb's second power
  3527 | D:6      | Reached skill level 11 in Axes
  3550 | D:6      | Reached XP level 8. HP: 51/64 MP: 3/3
  3748 | D:6      | Found a blossoming altar of Fedhas.
  3753 | D:6      | Found a glowing golden altar of the Shining One.
  3758 | D:6      | Found a bloodstained altar of Trog.
  3759 | D:6      | Found an ancient bone altar of Kikubaaqudgha.
  3865 | D:6      | Found a shadowy altar of Dithmenos.
  3970 | D:6      | Noticed Pikel
  3980 | D:6      | Killed Pikel
  3980 | D:6      | Reached skill level 12 in Axes
  4025 | D:6      | Reached skill level 13 in Axes
  4207 | D:6      | Got an ichor-stained ring mail
  4218 | D:6      | Identified the cursed -4 ring mail of Retaxkie {-Cast rPois rF+ MR- Str+3} (You found it on level 6 of the Dungeon)
  4403 | D:7      | Noticed a two-headed ogre
  4408 | D:7      | Killed a two-headed ogre
  4408 | D:7      | Reached XP level 9. HP: 70/70 MP: 4/4
  4433 | D:7      | Acquired Makhleb's third power
  4486 | D:7      | Reached skill level 14 in Axes
  5552 | D:8      | Found Schatzex's Distillery.
  5559 | D:8      | Bought a potion of poison for 13 gold pieces
  5559 | D:8      | Bought a potion of lignification for 39 gold pieces
  5559 | D:8      | Bought a potion of curing for 39 gold pieces
  5559 | D:8      | Bought a potion of curing for 39 gold pieces
  5559 | D:8      | Bought a potion of curing for 39 gold pieces
  5559 | D:8      | Bought a potion of curing for 39 gold pieces
  5617 | D:8      | Reached skill level 15 in Axes
  5730 | D:8      | Found a sand-covered staircase.
  5738 | Ossuary  | Entered an ossuary
  5750 | Ossuary  | Acquired Makhleb's fourth power
  6473 | D:8      | Reached skill level 16 in Axes
  6606 | D:9      | Reached XP level 10. HP: 77/77 MP: 4/4
  7008 | D:9      | Gained mutation: You can spit poison. [mutagenic meat]
  7173 | D:10     | Entered Level 10 of the Dungeon
  7189 | D:10     | Reached skill level 5 in Shields
  7351 | D:10     | Reached skill level 5 in Armour
  7363 | D:10     | Found a staircase to the Lair.
  7370 | D:10     | Acquired Makhleb's fifth power
  7435 | D:10     | Noticed a hill giant
  7440 | D:10     | Killed a hill giant
  8012 | D:11     | Noticed a purple ugly thing
  8018 | D:11     | Killed a purple ugly thing
  8065 | D:11     | Killed an unseen horror
  8065 | D:11     | Reached skill level 10 in Shields
  8065 | D:11     | Reached XP level 11. HP: 51/82 MP: 4/4
  8182 | D:11     | Noticed a hill giant
  8187 | D:11     | Killed a hill giant
  8313 | D:11     | Found a staircase to the Orcish Mines.
  8322 | D:11     | Found a roughly hewn altar of Beogh.
  8572 | D:11     | Killed an unseen horror
  8847 | D:11     | Noticed a green ugly thing
  8850 | D:11     | Killed a green ugly thing
  9195 | D:12     | Found a labyrinth entrance.
  9224 | Lab      | Entered a labyrinth
  9451 | Lab      | Noticed a minotaur
  9465 | Lab      | Killed a minotaur
  9712 | D:12     | Found a white marble altar of Elyvilon.
  9874 | D:12     | Noticed a five-headed hydra
  9881 | D:12     | Killed a one-headed hydra
  9996 | D:12     | Noticed a hill giant
 10003 | D:12     | Killed a hill giant
 10075 | D:12     | Gained mutation: You are dopey. (Int -2) [mutagenic meat]
 10076 | D:12     | Gained mutation: You passively map a small area around you. [mutagenic meat]
 10077 | D:12     | Gained mutation: You can breathe flames. [mutagenic meat]
 10139 | D:12     | Noticed vatarom's ghost (powerful TrMo)
 10509 | D:12     | Killed vatarom's ghost
 10957 | D:13     | Reached skill level 10 in Armour
 10995 | D:13     | Noticed a centaur warrior
 11006 | D:13     | Killed a centaur warrior
 11006 | D:13     | Reached XP level 12. HP: 80/90 MP: 5/5
 11030 | D:13     | Noticed a hill giant
 11037 | D:13     | Killed a hill giant
 11101 | D:13     | Killed an unseen horror
 11331 | D:13     | Noticed Maurice
 11339 | D:13     | Killed Maurice
 11529 | D:13     | Gained mutation: You are partially covered in rough black scales (AC +4, Dex -1). [mutagenic meat]
 11807 | D:14     | Noticed a vault guard
 11817 | D:14     | Killed a vault guard
 12041 | D:14     | Found a gate to the Vaults.
 12140 | D:14     | Reached skill level 15 in Shields
 12213 | D:14     | Noticed a fire dragon
 12229 | D:14     | Killed a fire dragon
 12281 | D:14     | Reached skill level 5 in Fighting
 12324 | D:14     | Gained mutation: You are partially covered in molten scales (AC +1). [mutagenic meat]
 12325 | D:14     | Gained mutation: You have sharp fingernails. [mutagenic meat]
 12330 | D:14     | Gained mutation: Armour fits poorly on your strangely shaped body. [mutagenic meat]
 12331 | D:14     | Lost mutation: You can spit poison. [mutagenic meat]
 12332 | D:14     | Gained mutation: You are partially covered in iridescent scales (AC +4). [mutagenic meat]
 12609 | D:14     | Reached skill level 5 in Dodging
 12609 | D:14     | Reached XP level 13. HP: 101/105 MP: 5/5
 12651 | D:14     | Noticed a centaur warrior
 12655 | D:14     | Killed a centaur warrior
 12770 | D:15     | Entered Level 15 of the Dungeon
 12998 | D:15     | Found a burning altar of Makhleb.
 13064 | D:15     | Found a staircase to the Depths.
 13175 | D:15     | Gained mutation: You can breathe fire. [mutagenic meat]
 13187 | D:15     | Gained mutation: You are weak. (Str -2) [mutagenic meat]
 13188 | D:15     | Gained mutation: You are frail (-10% HP). [mutagenic meat]
 13338 | D:15     | Reached skill level 10 in Fighting
 13473 | Depths:1 | Entered Level 1 of the Depths
 13473 | Depths:1 | Noticed a stone giant
 13475 | Depths:1 | Noticed a dire elephant
 13578 | Depths:1 | Killed a dire elephant
 13587 | D:15     | Killed a stone giant
 13632 | Depths:1 | Reached XP level 14. HP: 111/111 MP: 5/5
 13632 | Depths:1 | Reached skill level 10 in Dodging
 13662 | Depths:1 | Noticed a vampire knight
 13699 | Depths:1 | Killed a vampire knight
 13829 | Depths:1 | HP: 5/113 [deep troll earth mage (7)]
 13831 | Depths:1 | Slain by a deep troll earth mage

Action                   |  1- 3 |  4- 6 |  7- 9 | 10-12 | 13-15 || total
-------------------------+-------+-------+-------+-------+-------++-------
Melee: War axe           |   102 |    81 |   238 |   524 |   200 ||  1145
Evoke: Wand              |       |       |       |     3 |       ||     3
  Use: Scroll            |       |    15 |     8 |     9 |     1 ||    33
       Potion            |       |       |     1 |     3 |     4 ||     8
  Eat: Royal jelly       |     1 |       |       |     2 |       ||     3
       Meat ration       |       |     1 |     1 |     1 |       ||     3
       Beef jerky        |       |       |     1 |     2 |     2 ||     5
       Chunk             |       |       |     3 |    18 |    12 ||    33
       Fruit             |       |       |     2 |       |       ||     2
